 Dungeon Crawl Stone Soup version 0.28-a0-8-g6e044cfa68 (webtiles) character file.

Game seed: 17615200432508818920

22 angelsbits the Conjurer (level 2, -1/11 HPs)
             Began as a Felid Conjurer on July 23, 2021.
             Slain by a hobgoblin (3 damage)
             ... on level 1 of the Dungeon.
             The game lasted 00:03:49 (3405 turns).

angelsbits the Conjurer (Felid Conjurer)            Turns: 3405, Time: 00:03:50

Health: -1/11      AC:  1    Str:  3    XL:     2   Next: 68%
Magic:  5/6        EV: 14    Int: 19    God:
Gold:   21         SH:  0    Dex: 14    Spells: 4/5 levels left
                                        Lives:  0   Deaths: 0

rFire   . . .      SeeInvis +   (weapon unavailable)
rCold   . . .      Faith    .   (shield unavailable)
rNeg    . . .      Spirit   .   (armour unavailable)
rPois   .          Reflect  .   (helmet unavailable)
rElec   .          Harm     .   (cloak unavailable)
rCorr   .          Rampage  .   (gloves unavailable)
Will    .....                   (boots unavailable)
Stlth   ++........              (no amulet)
HPRegen 0.03/turn               (no ring)
MPRegen 0.10/turn               (no ring)

@: constricted, quick
A: very small, claws 1, fangs 3, see invisible, speed 1, shaggy fur 1, stealthy
paws, no weapons or thrown items, no armour, multi-lived
a: no special abilities


You were on level 1 of the Dungeon.
You visited 1 branch of the dungeon, and saw 1 of its levels.

You collected 21 gold pieces.

Inventory:

Jewellery
 b - a ring of ice
Scrolls
 a - a scroll of identify {unknown}
 c - a scroll of teleportation {unknown}
 g - a scroll of fear {unknown}
Potions
 d - a potion of heal wounds {unknown}
 e - 2 potions of flight {unknown}


   Skills:
 + Level 2.9 Dodging
 + Level 3.2 Stealth
 + Level 0.2 Unarmed Combat
 + Level 2.2 Spellcasting
 + Level 4.0 Conjurations


You had 4 spell levels left.
You knew the following spells:

 Your Spells              Type           Power      Damage    Failure   Level
a - Magic Dart            Conj           68%        1d6       3%          1

Your spell library contained the following spells:

 Spells                   Type           Power      Damage    Failure   Level
 Searing Ray              Conj           34%        3d4       4%          2
 Dazzling Flash           Conj/Hex       18%        N/A       22%         3
 Fulminant Prism          Conj/Hex       4%         3d6       58%         4
 Iskenderun's Mystic Bla  Conj/Tloc      9%         2d4       58%         4


Dungeon Overview and Level Annotations

Branches:
Dungeon (1/15)

Altars:


Innate Abilities, Weirdness & Mutations

You have sharp claws.
You have razor-sharp teeth.
You have supernaturally acute eyesight. (SInv)
You cover ground quickly. (Speed+)
You are covered in fur. (AC +1)
Your paws help you pounce on unaware monsters.
You are incapable of wielding weapons or throwing items.
You cannot wear armour.
You gain extra lives every three experience levels.


Message History

Unknown command.
You open the door.
There is an open door here.
Found 11 gold pieces.
A goblin comes into view. It is wielding a +0 club.
The goblin barely misses you. The goblin closely misses you.
The goblin barely misses you. The ball python closely misses you.
The ball python grabs you. The ball python constricts you.
The ball python's grasp on you weakens, but your attempt to escape fails.
The ball python bites you. The ball python constricts you.
The ball python misses you. The ball python constricts you.
You escape the ball python's grasp.
A hobgoblin comes into view.
The hobgoblin shouts!
You hear a shout!
You scratch the hobgoblin.
The hobgoblin is lightly wounded.
The hobgoblin hits you.
A hobgoblin comes into view.
As you read the scroll labelled ELAUMASTRERUNE, it crumbles to dust.
The scroll dissolves into smoke.
It was a scroll of fog.
The ball python misses you. The ball python grabs you.
The ball python constricts you. The hobgoblin hits you.
* * * LOW HITPOINT WARNING * * *
You barely miss the ball python. The ball python closely misses you.
The ball python constricts you. The hobgoblin barely misses you.
Unknown command.
You scratch the ball python.
The ball python is moderately wounded.
The ball python misses you.
* * * LOW HITPOINT WARNING * * *
The ball python constricts you. The hobgoblin misses you.
The ball python misses you.
* * * LOW HITPOINT WARNING * * *
The ball python constricts you.
You scratch the ball python but do no damage.
The ball python is moderately wounded.
The hobgoblin hits you.
You die...

....##.###.....#..#
........#......# .#
#.###.⌠.#......# .
#.###[..#.##.#.#
...####.#.##.#...
.⌠.# ##.#.##.###.#
...###..#.# .. .#
#.##...##.########
.....####....§gS@#
###### ########g#
§g§. ##.### #.# #.#
#.# #..


You could see 2 hobgoblins, a goblin and a ball python.

Vanquished Creatures
  A ball python (D:1)
  4 endoplasms (D:1)
  A giant cockroach (D:1)
  3 goblins (D:1)
  A hobgoblin (D:1)
  A kobold (D:1)
  2 quokkas (D:1)
  2 bats (D:1)
  2 frilled lizards (D:1)
  2 rats (D:1)
19 creatures vanquished.

Notes
Turn   | Place    | Note
-------+----------+-------------------------------------------
     0 | D:1      | angelsbits the Felid Conjurer began the quest for the Orb.
     0 | D:1      | Reached XP level 1. HP: 7/7 MP: 4/4
   984 | D:1      | Reached XP level 2. HP: 11/11 MP: 1/6
  2724 | D:1      | Reached skill level 4 in Conjurations
  3405 | D:1      | Slain by a hobgoblin

Illustrated notes

Levels and vault maps discovered:
D:1:      dpeg_arrival_chambers_temple_mockup, layout_basic, minmay_ruptured

Skill      XL: |  1  2 |
---------------+-------+-----
Stealth        | 3 |  3.2
Conjurations   | 4 |  4.0
Dodging        | |  2.9
Unarmed Combat | |  0.2
Spellcasting   | |  2.2

Action                   || total
-------------------------++-------
Melee: Unarmed           ||    15
 Cast: Magic Dart        ||    48
  Use: Scroll            ||     1
Armor: Skin              ||     1
Dodge: Dodged            ||    29

Table legend: (Time is in decaauts)
 A = Elapsed time spent in this place.
 B = Non-inter-level travel time spent in this place.
 C = Inter-level travel time spent in this place.
 D = Time resting spent in this place.
 E = Time spent auto-exploring this place.
 F = Levels seen in this place.
 G = Mean time per level.
                   A        B        C        D        E       F      G
               +--------+--------+--------+--------+--------+-----+--------+
         Total |   3259 |   3145 |    114 |   2568 |    299 |   1 | 3259.0 |
       Dungeon |   3259 |   3145 |    114 |   2568 |    299 |   1 | 3259.0 |
               +--------+--------+--------+--------+--------+-----+--------+

Top non-repeatable levels by time:
     D:1: 3259 daAuts
